 Dungeon Crawl Stone Soup version 0.27-a0-124-g19cb506db8 (webtiles) character file.

Game seed: 14854072501199664764

9382 lunkers the Geomancer (level 11, -9/70 HPs)
             Began as a Vampire Earth Elementalist on Jan 25, 2021.
             Was a Follower of Ashenzari.
             Mangled by a red ugly thing (11 damage)
             ... on level 10 of the Dungeon.
             The game lasted 00:21:29 (15298 turns).

lunkers the Geomancer (Vampire Earth Elementalist) Turns: 15298, Time: 00:21:30

Health: -9/70      AC: 16    Str:  7    XL:     11   Next: 22%
Magic:  1/25       EV: 13    Int: 22    God:    Ashenzari [*.....]
Gold:   428        SH:  0    Dex: 14    Spells: 15/30 levels left

rFire    + . .     SeeInvis +   a - +6 rapier "Deladeb" {protect, rN++}
rCold    . . .     Faith    .   (no shield)
rNeg     + + .     Spirit   .   S - +1 robe {rF+}
rPois    +         Reflect  .   (no helmet)
rElec    .         Harm     .   P - +0 cloak
rCorr    .         Rampage  .   u - +1 pair of gloves (curse)
Will     +....                  M - +5 pair of boots "Res Xehi" {+Blink rPois Regen+} (curse)
Stlth    +++.......             g - amulet of regeneration
HPRegen  1.21/turn              D - +4 ring of slaying
MPRegen  0.19/turn              C - +4 ring of protection (curse)

@: regenerating quickly
A: fangs 3, see invisible, unbreathing
a: Exsanguinate, Renounce Religion, Evoke Blink, Curse Item, Scrying


You were on level 10 of the Dungeon.
You worshipped Ashenzari.
Ashenzari was aware of your devotion.
You visited 2 branches of the dungeon, and saw 12 of its levels.

You collected 662 gold pieces.
You spent 234 gold pieces at shops.

Inventory:

Hand Weapons
 a - the +6 rapier "Deladeb" (weapon) {protect, rN++}
   (You bought it in a shop on level 7 of the Dungeon)

   It grants its wielder temporary protection when it strikes (+7 to AC).
   It greatly protects you from negative energy.
 j - a +0 dagger
 Q - the +9 staff of Wucad Mu {channel}
   (You found it on level 9 of the Dungeon)
Missiles
 b - 228 stones
 k - 14 poisoned darts
Armour
 u - a cursed +1 pair of gloves (worn)
 M - the cursed +5 pair of boots "Res Xehi" (worn) {+Blink rPois Regen+}
   (You found it on level 7 of the Dungeon)

   It protects you from poison.
   It lets you blink.
   It increases your rate of regeneration.
   It has a curse placed upon it.
 P - a +0 cloak (worn)
 S - a +1 robe of fire resistance (worn)
Jewellery
 c - an uncursed ring of magical power
 g - an amulet of regeneration (around neck)
 l - an uncursed ring of willpower
 t - an uncursed ring of wizardry
 C - a cursed +4 ring of protection (right hand)
 D - a +4 ring of slaying (left hand)
 G - an uncursed ring of positive energy
 N - an uncursed ring of magical power
 T - an uncursed ring of protection from fire
Wands
 s - a wand of digging (6)
 z - a wand of polymorph (24)
 F - a wand of random effects (29)
 H - a wand of enslavement (16)
 L - a wand of acid (8)
Scrolls
 f - 2 scrolls of identify
 h - a scroll of fear {unknown}
 m - 3 scrolls of enchant armour
 o - a scroll of immolation {unknown}
 p - 2 scrolls of enchant weapon {unknown}
 r - a scroll of blinking {unknown}
 v - 2 scrolls of random uselessness {unknown}
 w - a scroll of amnesia {unknown}
 y - a scroll of fog {unknown}
 E - a scroll of noise {unknown}
 I - 4 scrolls of teleportation {unknown}
 K - 2 scrolls of magic mapping {unknown}
 R - a scroll of acquirement {unknown}
Potions
 d - 4 potions of might
 e - a potion of flight
 i - a potion of lignification
 n - a potion of haste
 q - 3 potions of heal wounds
 x - a potion of invisibility
 A - 11 potions of curing
 B - a potion of resistance
 J - 2 potions of ambrosia
 O - a potion of attraction
Miscellaneous
 U - a condenser vane


   Skills:
 - Level 1.2 Fighting
 - Level 1.7 Short Blades
 - Level 3.4 Dodging
 - Level 4.3 Stealth
 - Level 0.1 Unarmed Combat
 + Level 10.2 Spellcasting
 - Level 2.0 Conjurations
 - Level 1.1 Transmutations
 * Level 12.8 Earth Magic


You had 15 spell levels left.
You knew the following spells:

 Your Spells              Type           Power        Failure   Level
a - Stone Arrow           Conj/Erth      88%          1%          3
b - Passwall              Tmut/Erth      35%          1%          2
c - Sandblast             Erth           100%         1%          1
d - Lee's Rapid Deconstr  Erth           30%          1%          5
e - Petrify               Tmut/Erth      42%          3%          4

Your spell library contained the following spells:

 Spells                   Type           Power        Failure   Level


Dungeon Overview and Level Annotations

Branches:
Dungeon (11/15)            Temple (1/1) D:5             Orc (0/2) D:10
   Lair: D:8-11

Altars:
Ashenzari
Cheibriados
Dithmenos
Elyvilon
Fedhas
Gozag
Hepliaklqana
Kikubaaqudgha
Makhleb
Nemelex Xobeh
Okawaru
Qazlal
Ru
Sif Muna
Trog
Uskayaw
Vehumet
Wu Jian
Xom
Yredelemnul
Zin
The Shining One

Shops:
D:7 ((

Annotations:
D:7 exclusion: oklob plant
D:9 2 transporters, hehateme's ghost, journeyman KoGl
D:10 2 transporters


Innate Abilities, Weirdness & Mutations

Your natural rate of healing is unusually fast.
You have razor-sharp teeth.
You have supernaturally acute eyesight. (SInv)
You can survive without breathing.


Message History

Press: ? - help, Shift-Dir - straight line, f/p - red ugly thing
Aim: a red ugly thing (chance to affect: 50%)
The red ugly thing resists with significant effort.
* * * LOW MAGIC WARNING * * *
The red ugly thing claws you but does no damage.
The troll bites you but does no damage. The troll closely misses you.
The troll claws you but does no damage.
Unknown command.
Unknown command.
Casting: Petrify (dangerous; 3% risk of failure)
Confirm with . or Enter, or press ? or * to list all spells.
Aiming: Petrify (dangerous; 3% risk of failure)
Press: ? - help, Shift-Dir - straight line, f/p - red ugly thing
Aim: a red ugly thing (chance to affect: 50%)
The red ugly thing is moving more slowly.
* * * LOW MAGIC WARNING * * *
The red ugly thing claws you.
* * * LOW HITPOINT WARNING * * *
You are engulfed in flames!
You resist.
You die...

#........####...........# #.....
#........# #...........####†....
...###...# #.................###
...# #...# #..........#####..#
#..# #...# #..........# #..# #..#
#...# #..>.......# #..# #..#
#...# #.....(....# #..###
#.<###...####..Tu......# #....#
#...............@.....># #..#.#
#<..............########## ####.#
#........#####.#########.###.##.#
#...###..# #..##.....#..#..#.#.
....# #..# #.....#.#...##......
#...# #..# #.##.##.....#.#.#.#.
#...# #..# #.####.#..##.##.#.#.
#...# #..# #.# ###......##.##..
#...###..# #.###.......#.....#.


You could see a red ugly thing (petrifying) and a troll.

Vanquished Creatures
  Snorg (D:10)
  2 two-headed ogres
  Joseph (D:9)
  Maurice (D:8)
  A centaur skeleton (D:10)
  A snapping turtle (D:8)
  2 wyverns
  6 yaks
  Menkaure (D:7)
  Duvessa (D:7)
  3 black bears
  5 orc warriors
  2 sky beasts
  2 necrophages
  2 ice beasts
  6 phantoms
  4 ogres
  3 centaurs
  5 bullfrogs
  Dowan (D:7)
  A scorpion (D:5)
  3 troll zombies (D:10)
  5 howler monkeys
  3 wights (D:9)
  2 electric eels (D:8)
  A bullfrog zombie (D:5)
  3 jellies
  5 orc priests
  9 orc wizards
  A bullfrog skeleton (D:9)
  6 hounds
  6 iguanas
  8 worker ants
  3 ogre zombies (D:10)
  A hound zombie (D:7)
  A hound skeleton (D:9)
  3 gnolls (D:5)
  2 howler monkey skeletons
  9 adders
  3 shadow imps
  3 white imps
  3 ufetubi
  2 adder zombies (D:6)
  5 adder skeletons
  A worm (D:3)
  4 dart slugs
  5 leopard geckos
  33 orcs
  7 giant cockroaches
  13 goblins
  14 hobgoblins
  17 jackals
  6 quokkas
  4 ball pythons
  6 bats
  5 frilled lizards
  A goblin skeleton (D:10)
  2 goblin zombies (D:10)
  3 hobgoblin skeletons (D:10)
  A hobgoblin zombie (D:10)
  A jackal skeleton (D:5)
  6 kobolds
  2 leopard gecko zombies
  2 orc skeletons (D:10)
  10 orc zombies (D:10)
  A quokka zombie (D:6)
  7 rats
289 creatures vanquished.

Vanquished Creatures (others)
  A fungus (D:8)
1 creature vanquished.

Grand Total: 290 creatures vanquished

Notes
Turn   | Place    | Note
-------+----------+-------------------------------------------
     0 | D:1      | lunkers the Vampire Earth Elementalist began the quest for
                  | the Orb.
     0 | D:1      | Reached XP level 1. HP: 13/13 MP: 3/3
   319 | D:1      | Reached XP level 2. HP: 19/19 MP: 3/5
  1262 | D:2      | Reached XP level 3. HP: 24/24 MP: 2/6
  1267 | D:2      | Learned a level 2 spell: Passwall
  1271 | D:2      | Learned a level 3 spell: Stone Arrow
  1812 | D:2      | Reached XP level 4. HP: 29/30 MP: 8/8
  2824 | D:3      | Reached skill level 1 in Short Blades
  2848 | D:3      | Reached skill level 4 in Earth Magic
  3441 | D:4      | Reached XP level 5. HP: 35/35 MP: 6/9
  4030 | D:5      | Entered Level 5 of the Dungeon
  4030 | D:5      | Found a staircase to the Ecumenical Temple.
  4048 | Temple   | Entered the Ecumenical Temple
  4442 | Temple   | Became a worshipper of Ashenzari the Shackled
  4544 | D:5      | Reached skill level 5 in Earth Magic
  4544 | D:5      | Reached XP level 6. HP: 41/41 MP: 1/11
  5030 | D:5      | Reached skill level 1 in Fighting
  5030 | D:5      | Reached XP level 7. HP: 44/48 MP: 9/13
  5630 | D:5      | Reached skill level 1 in Conjurations
  5937 | D:6      | Reached skill level 5 in Spellcasting
  6065 | D:6      | Noticed a yak
  6066 | D:6      | Noticed a yak
  6067 | D:6      | Noticed a yak
  6099 | D:6      | Killed a yak
  6100 | D:6      | Reached skill level 6 in Earth Magic
  6219 | D:6      | Noticed a yak
  6219 | D:6      | Noticed a yak
  6219 | D:6      | Noticed a yak
  6243 | D:6      | Killed a yak
  6244 | D:6      | Reached XP level 8. HP: 54/54 MP: 2/16
  6445 | D:5      | Reached skill level 7 in Earth Magic
  7055 | D:6      | Reached skill level 8 in Earth Magic
  7716 | D:6      | Reached XP level 9. HP: 59/59 MP: 6/19
  8725 | D:7      | Found Ypaoss's Antique Weapon Shoppe.
  8728 | D:7      | Bought a translucent rapier for 234 gold pieces
  8728 | D:7      | Identified the +6 rapier "Deladeb" {protect, rN++} (You
                  | bought it in a shop on level 7 of the Dungeon)
  8923 | D:7      | Noticed Menkaure
  8926 | D:7      | Killed Menkaure
  9109 | D:7      | Got the uncursed pair of boots "Res Xehi" {+Blink rPois
                  | Regen+}
  9115 | D:7      | Identified the +5 pair of boots "Res Xehi" {+Blink rPois
                  | Regen+} (You found it on level 7 of the Dungeon)
  9123 | D:7      | Noticed Duvessa
  9123 | D:7      | Noticed Dowan
  9129 | D:7      | Killed Duvessa
  9130 | D:7      | Reached skill level 9 in Earth Magic
  9133 | D:7      | Killed Dowan
  9267 | D:7      | Found a snail-covered altar of Cheibriados.
  9268 | D:7      | Noticed an oklob plant
  9533 | D:7      | Found Ityffoill's Weapon Emporium.
 10369 | D:8      | Reached skill level 10 in Earth Magic
 10561 | D:8      | Found an ancient bone altar of Kikubaaqudgha.
 11002 | D:8      | Noticed Maurice
 11008 | D:8      | Noticed a two-headed ogre
 11012 | D:8      | Killed Maurice
 11013 | D:8      | Reached XP level 10. HP: 65/65 MP: 3/22
 11013 | D:8      | a two-headed ogre changed into a snapping turtle
 11501 | D:8      | Reached skill level 11 in Earth Magic
 11850 | D:8      | Found a glowing silver altar of Zin.
 11960 | D:9      | Reached * piety under Ashenzari
 11999 | D:9      | Noticed a death knight
 12015 | D:9      | Found a transporter.
 12027 | D:9      | Noticed hehateme's ghost (journeyman KoGl)
 12205 | D:9      | Learned a level 5 spell: Lee's Rapid Deconstruction
 12210 | D:9      | Learned a level 4 spell: Petrify
 12398 | D:9      | Noticed Joseph
 12417 | D:9      | Killed Joseph
 12527 | D:9      | Noticed a two-headed ogre
 12528 | D:9      | Found the +9 staff of Wucad Mu {channel}
 12558 | D:9      | Killed a two-headed ogre
 12691 | D:9      | Found a transporter.
 13226 | D:10     | Entered Level 10 of the Dungeon
 13268 | D:10     | Reached skill level 12 in Earth Magic
 13473 | D:10     | Noticed a two-headed ogre
 13477 | D:10     | Killed a two-headed ogre
 13804 | D:10     | Reached XP level 11. HP: 70/70 MP: 9/24
 13899 | D:10     | Noticed Snorg
 13907 | D:10     | Killed Snorg
 13908 | D:10     | Reached skill level 10 in Spellcasting
 14604 | D:10     | Found a staircase to the Orcish Mines.
 14868 | D:10     | Found a transporter.
 14869 | D:10     | Found a transporter.
 14869 | D:10     | Noticed a boulder beetle
 15286 | D:11     | Noticed a red ugly thing
 15294 | D:10     | HP: 3/70 [troll (7)]
 15298 | D:10     | Mangled by a red ugly thing

Illustrated notes

Levels and vault maps discovered:
D:1:      roderic_octagonal_star, layout_loops_corners, hex_tiny
D:2:      layout_basic
D:3:      layout_basic
D:4:      layout_cave_pools
D:5:      layout_cave_pools, temple_fountains
D:6:      layout_basic, corner_web_ring
D:7:      layout_cave_pods, serial_shops, kennysheep_mini, kennysheep_mini_moat,
          lemuel_oklob_altar, uniq_duvessa, uniq_menkaure
D:8:      layout_cave_pools, nicolae_overflow_crystal_walls, basic_altar,
          fungi_pond_lemuel, grunt_decor_arrowhead, uniq_maurice
D:9:      layout_irregular_city, gammafunk_ghost_mausoleum, uniq_joseph
D:10:     gammafunk_boulding_lane, layout_long_grid, zombieorc1_lemuel,
          uniq_snorg
D:11:     layout_irregular_city, dpeg_lair_monsters, uniq_psyche
Temple:   regret_index_temple_sigil_plot

Skill      XL: |  1  2  3  4  5  6  7  8  9 10 11 |
---------------+----------------------------------+-----
Short Blades   | 1 |  1.7
Spellcasting   | 3 4 5 6 8 9 10 | 10.2
Earth Magic    | 4 5 6 8 10 12 | 12.8
Stealth        | 4 |  4.3
Dodging        | 3 |  3.4
Fighting       | 1 |  1.2
Conjurations   | 2 |  2.0
Unarmed Combat | |  0.1
Transmutations | |  1.1

Action                   |  1- 3 |  4- 6 |  7- 9 | 10-12 || total
-------------------------+-------+-------+-------+-------++-------
Melee: Unarmed           |     7 |       |       |       ||     7
       Bite              |     7 |    14 |     1 |     6 ||    28
       Dagger            |    46 |   110 |    23 |       ||   179
       Rapier            |       |       |     3 |    67 ||    70
 Cast: Sandblast         |    48 |    85 |    14 |     7 ||   154
       Stone Arrow       |       |    18 |   177 |   140 ||   335
       Petrify           |       |       |       |    11 ||    11
Invok: Curse Item        |       |       |     1 |     2 ||     3
Evoke: Wand              |       |       |       |     1 ||     1
  Use: Scroll            |       |     2 |       |    10 ||    12
 Stab: Sleeping          |     1 |       |       |       ||     1
       Petrified         |       |       |       |    11 ||    11
       Petrifying        |       |       |       |     1 ||     1
Armor: Robe              |    12 |    27 |    21 |    52 ||   112
Dodge: Dodged            |    45 |   109 |    44 |    73 ||   271

Table legend: (Time is in decaauts)
 A = Elapsed time spent in this place.
 B = Non-inter-level travel time spent in this place.
 C = Inter-level travel time spent in this place.
 D = Time resting spent in this place.
 E = Time spent auto-exploring this place.
 F = Levels seen in this place.
 G = Mean time per level.
                   A        B        C        D        E       F      G
               +--------+--------+--------+--------+--------+-----+--------+
         Total |  15304 |  14841 |    463 |   1625 |  11270 |  12 | 1275.3 |
       Dungeon |  14706 |  14283 |    423 |   1454 |  10909 |  11 | 1336.9 |
        Temple |    597 |    557 |     40 |    171 |    361 |   1 |  597.0 |
               +--------+--------+--------+--------+--------+-----+--------+

Top non-repeatable levels by time:
     D:6: 2406 daAuts
    D:10: 1855 daAuts
     D:7: 1776 daAuts
     D:5: 1752 daAuts
     D:8: 1454 daAuts
     D:9: 1434 daAuts
     D:1: 1236 daAuts
     D:2: 1151 daAuts
     D:3: 1043 daAuts
  Temple: 597 daAuts
     D:4: 591 daAuts
    D:11: 3 daAuts
